XFBL
TORONTO BLUE JAYS @ TEXAS RANGERS
05/15/1982
 
TOP OF THE 1ST
Toronto Blue Jays batting - Pitching for Texas Rangers : RHP Jeff Byrd
Pitching: RHP Jeff Byrd
Batting: SHB Harold Reynolds 0-0: Ball
1-0: Ball
2-0: Ball
3-0: Called Strike
3-1: Foul Ball, location: 2F
3-2: Base on Balls
Batting: RHB Jose Gonzalez 0-0: Ball
Harold Reynolds steals 2nd base
1-0: DOUBLE (Line Drive, 9LM, EV 106.3 MPH)
Harold Reynolds scores
Batting: LHB Sheldon Mallory 0-0: Foul Ball, location: 2F
0-1: Foul Ball, location: 2F
0-2: Ground out 6-3 (Groundball, 6, EV 88.8 MPH)
Jose Gonzalez to third
Batting: RHB Juan Monasterio 0-0: Called Strike
0-1: Hit by Pitch
Batting: RHB Andres Galarraga 0-0: Ball
1-0: Swinging Strike
1-1: Ball
2-1: Called Strike
2-2: Foul Ball, location: 2F
2-2: Ball
3-2: Fly out, F4 (Popup, 34, EV 76.9 MPH)
Batting: RHB Hubie Brooks 0-0: Called Strike
0-1: Ball
1-1: 3-RUN HOME RUN (Flyball, 7D, EV 99.4 MPH), Distance : 371 ft
Batting: LHB Milt Thompson 0-0: Ball
1-0: SINGLE (Line Drive, 9S, EV 105.6 MPH)
Batting: RHB Cal Ripken 0-0: Called Strike
0-1: Ground out 4-3 (Groundball, 4, EV 104.4 MPH)
Top of the 1st over - 4 runs, 3 hits, 0 errors, 1 left on base; Toronto 4 - Texas 0
BOTTOM OF THE 1ST
Texas Rangers batting - Pitching for Toronto Blue Jays : RHP Ron Romanick
Pitching: RHP Ron Romanick
Batting: LHB Lenny Dykstra 0-0: Ball
1-0: Called Strike
1-1: Ball
2-1: Called Strike
2-2: Ball
3-2: Ground out U3 (Groundball, 3, EV 85.6 MPH)
Batting: RHB Juan Rodriguez 0-0: Ball
1-0: Swinging Strike
1-1: Called Strike
1-2: DOUBLE (Groundball, 3L, EV 104.4 MPH)
Batting: LHB Jody Helser 0-0: Ball
1-0: Swinging Strike
1-1: Ball
2-1: SINGLE (Groundball, 34D, EV 95.6 MPH)
Juan Rodriguez to third
Runner from 3rd tries for Home, SAFE, throw by RF to home
Batting: RHB Steve Garvey 0-0: Called Strike
0-1: Swinging Strike
0-2: Fly out, F9 (Flyball, 89S, EV 90.0 MPH)
Batting: RHB Steve Balboni 0-0: Ball
1-0: Foul Ball, location: 2F
1-1: Ball
2-1: Ball
3-1: Base on Balls
Jody Helser to second
Batting: LHB Richie Hebner 0-0: Ball
1-0: Fly out, F9 (Flyball, 9, EV 91.3 MPH)
Bottom of the 1st over - 1 run, 2 hits, 0 errors, 2 left on base; Toronto 4 - Texas 1
TOP OF THE 2ND
Toronto Blue Jays batting - Pitching for Texas Rangers : RHP Jeff Byrd
Batting: RHB Fritzie Connally 0-0: Ball
1-0: Swinging Strike
1-1: Ball
2-1: Ball
3-1: Foul Ball, location: 2F
3-2: Base on Balls
Batting: SHB Harold Reynolds 0-0: Swinging Strike
0-1: Foul Ball, location: 2F
0-2: DOUBLE (Groundball, 3L, EV 96.9 MPH)
Fritzie Connally to third
Runner from 3rd tries for Home, SAFE, throw by RF to trailing runner, SAFE at third!
Batting: RHB Jose Gonzalez 0-0: Ball
1-0: Ground out 4-3 (Groundball, 4, EV 87.5 MPH)
Harold Reynolds scores
Batting: LHB Sheldon Mallory 0-0: Called Strike
0-1: Called Strike
0-2: Foul Ball, location: 2F
0-2: Ball
1-2: Ground out 3-1 (Groundball, 34S, EV 85.6 MPH)
Batting: RHB Juan Monasterio 0-0: Ball
1-0: Ground out 5-3 (Groundball, 56, EV 86.3 MPH)
Top of the 2nd over - 2 runs, 1 hit, 0 errors, 0 left on base; Toronto 6 - Texas 1
BOTTOM OF THE 2ND
Texas Rangers batting - Pitching for Toronto Blue Jays : RHP Ron Romanick
Batting: SHB Ron Roenicke 0-0: Foul Ball, location: 2F
0-1: Ground out 6-3 (Groundball, 4M, EV 87.5 MPH)
Batting: LHB Ernie Whitt 0-0: Called Strike
0-1: Ball
1-1: Foul Ball, location: 2F
1-2: Ground out 4-3 (Groundball, 4, EV 80.6 MPH)
Batting: RHB Juan Samuel 0-0: Fly out, F9 (Flyball, 9S, EV 86.9 MPH)
Bottom of the 2nd over - 0 runs, 0 hits, 0 errors, 0 left on base; Toronto 6 - Texas 1
TOP OF THE 3RD
Toronto Blue Jays batting - Pitching for Texas Rangers : RHP Jeff Byrd
Batting: RHB Andres Galarraga 0-0: Ball
1-0: Swinging Strike
1-1: Swinging Strike
1-2: Ball
2-2: Strikes out swinging
Batting: RHB Hubie Brooks 0-0: Ball
1-0: Swinging Strike
1-1: Ball
2-1: Ball
3-1: Foul Ball, location: 2F
3-2: Strikes out swinging
Batting: LHB Milt Thompson 0-0: Called Strike
0-1: Foul Ball, location: 2F
0-2: Strikes out swinging
Top of the 3rd over - 0 runs, 0 hits, 0 errors, 0 left on base; Toronto 6 - Texas 1
BOTTOM OF THE 3RD
Texas Rangers batting - Pitching for Toronto Blue Jays : RHP Ron Romanick
Batting: LHB Lenny Dykstra 0-0: Ground out 5-3 (Groundball, 5L, EV 81.3 MPH)
Batting: RHB Juan Rodriguez 0-0: Ball
1-0: Ball
2-0: Ball
3-0: Called Strike
3-1: Foul Ball, location: 2F
3-2: Ground out U3 (Groundball, 34, EV 102.5 MPH)
Batting: LHB Jody Helser 0-0: Ball
1-0: SINGLE (Groundball, 6MD, EV 105.6 MPH)
Batting: RHB Steve Garvey 0-0: Swinging Strike
0-1: Ball
1-1: Swinging Strike
1-2: Ball
2-2: Foul Ball, location: 2F
2-2: Fly out, F8 (Line Drive, 8RM, EV 95.6 MPH)
Bottom of the 3rd over - 0 runs, 1 hit, 0 errors, 1 left on base; Toronto 6 - Texas 1
TOP OF THE 4TH
Toronto Blue Jays batting - Pitching for Texas Rangers : RHP Jeff Byrd
Pitching: RHP Ed Lynch
Batting: RHB Cal Ripken 0-0: SINGLE (Line Drive, 3D, EV 99.4 MPH)
Batting: RHB Fritzie Connally 0-0: Called Strike
0-1: Swinging Strike
0-2: Foul Ball, location: 2F
0-2: Ball
1-2: Ball
2-2: Strikes out swinging
Batting: SHB Harold Reynolds 0-0: 2-RUN HOME RUN (Line Drive, 9LD, EV 104.4 MPH), Distance : 367 ft
Batting: RHB Jose Gonzalez 0-0: Ball
1-0: Ground out 6-3 (Groundball, 6, EV 110.0 MPH)
Batting: LHB Sheldon Mallory 0-0: Ball
1-0: Swinging Strike
1-1: Foul Ball, location: 2F
1-2: Strikes out looking
Top of the 4th over - 2 runs, 2 hits, 0 errors, 0 left on base; Toronto 8 - Texas 1
BOTTOM OF THE 4TH
Texas Rangers batting - Pitching for Toronto Blue Jays : RHP Ron Romanick
Batting: RHB Steve Balboni 0-0: Called Strike
0-1: Ball
1-1: Ball
2-1: Swinging Strike
2-2: Foul Ball, location: 2F
2-2: Fly out, F8 (Flyball, 89XD, EV 90.0 MPH)
Batting: LHB Richie Hebner 0-0: Ball
1-0: SINGLE (Line Drive, 78S, EV 96.9 MPH)
Batting: SHB Ron Roenicke 0-0: Foul Ball, location: 2F
0-1: Ball
1-1: Ball
2-1: Called Strike
2-2: Foul Ball, location: 2F
2-2: Strikes out swinging
Batting: LHB Ernie Whitt 0-0: Called Strike
0-1: DOUBLE (Line Drive, 78M, EV 105.0 MPH)
Richie Hebner to third
Runner from 3rd tries for Home, SAFE, no throw by LF
Batting: RHB Juan Samuel 0-0: Swinging Strike
0-1: Foul Ball, location: 2F
0-2: Foul Ball, location: 2F
0-2: Ball
1-2: SINGLE (Line Drive, 78M, EV 91.9 MPH)
Ernie Whitt to third
Runner from 3rd tries for Home, SAFE, throw by LF to home
Juan Samuel to second
Batting: LHB Lenny Dykstra 0-0: Called Strike
0-1: SINGLE (Line Drive, 78M, EV 90.6 MPH)
Juan Samuel to third
Runner from 3rd tries for Home, SAFE, throw by LF to home
Batting: RHB Juan Rodriguez 0-0: Ball
Lenny Dykstra steals 2nd base
1-0: Foul Ball, location: 2F
1-1: Swinging Strike
1-2: Fly out, F8 (Flyball, 8LD, EV 98.8 MPH)
Bottom of the 4th over - 3 runs, 4 hits, 0 errors, 1 left on base; Toronto 8 - Texas 4
TOP OF THE 5TH
Toronto Blue Jays batting - Pitching for Texas Rangers : RHP Ed Lynch
Batting: RHB Juan Monasterio 0-0: Ball
1-0: Called Strike
1-1: Foul Ball, location: 2F
1-2: Ball
2-2: Foul Ball, location: 2F
2-2: Fly out, F8 (Flyball, 78D, EV 91.9 MPH)
Batting: RHB Andres Galarraga 0-0: Ball
1-0: Ball
2-0: Ball
3-0: Base on Balls
Batting: RHB Hubie Brooks 0-0: Ball
1-0: Foul Ball, location: 2F
1-1: Ball
2-1: Ball
3-1: Fly out, F9 (Flyball, 9, EV 92.5 MPH)
Batting: LHB Milt Thompson 0-0: Called Strike
0-1: Swinging Strike
0-2: Strikes out looking
Top of the 5th over - 0 runs, 0 hits, 0 errors, 1 left on base; Toronto 8 - Texas 4
BOTTOM OF THE 5TH
Texas Rangers batting - Pitching for Toronto Blue Jays : RHP Ron Romanick
Batting: LHB Jody Helser 0-0: SINGLE (Groundball, 6MD, EV 107.5 MPH)
Batting: RHB Steve Garvey 0-0: Called Strike
0-1: Ball
1-1: Called Strike
1-2: SINGLE (Line Drive, 3D, EV 97.5 MPH)
Jody Helser to second
Runner from 2nd tries for 3rd, SAFE, throw by RF made to third
Batting: RHB Steve Balboni 0-0: Swinging Strike
0-1: Swinging Strike
0-2: DOUBLE (Line Drive, 8RXD, EV 103.8 MPH)
Jody Helser scores
Steve Garvey to third
Runner from 3rd tries for Home, SAFE, throw by CF to home
Pitching: RHP Nick Piazza
Batting: LHB Richie Hebner 0-0: Ball
1-0: Ball
2-0: Called Strike
2-1: Foul Ball, location: 2F
2-2: Ball
3-2: Strikes out swinging
Batting: SHB Ron Roenicke 0-0: Called Strike
0-1: SINGLE (Line Drive, 4MD, EV 93.8 MPH)
Steve Balboni to third
Runner from 3rd tries for Home, SAFE, throw by CF to home
Batting: LHB Ernie Whitt 0-0: Foul Ball, location: 2F
0-1: Ball
1-1: 2-RUN HOME RUN (Flyball, 9D, EV 94.4 MPH), Distance : 385 ft
Batting: RHB Juan Samuel 0-0: Swinging Strike
0-1: DOUBLE (Flyball, 89XD, EV 111.9 MPH)
Batting: LHB Lenny Dykstra 0-0: Called Strike
0-1: Fly out, F7 (Line Drive, 7LM, EV 88.8 MPH)
Batting: RHB Juan Rodriguez 0-0: Ball
1-0: Foul Ball, location: 2F
1-1: Ball
2-1: Called Strike
2-2: Strikes out swinging
Bottom of the 5th over - 5 runs, 6 hits, 0 errors, 1 left on base; Toronto 8 - Texas 9
TOP OF THE 6TH
Toronto Blue Jays batting - Pitching for Texas Rangers : RHP Ed Lynch
Batting: RHB Cal Ripken 0-0: Ball
1-0: SINGLE (Line Drive, 9LS, EV 93.8 MPH)
Batting: RHB Fritzie Connally 0-0: Called Strike
0-1: Foul Ball, location: 2F
0-2: Ball
1-2: Ball
2-2: Ball
3-2: Foul Ball, location: 2F
3-2: Foul Ball, location: 2F
3-2: Base on Balls
Cal Ripken to second
Batting: SHB Harold Reynolds 0-0: Ball
1-0: Called Strike
1-1: Sac Bunt to 23 - play at first, batter OUT! 3-4
Cal Ripken to third
Fritzie Connally to second
Batting: RHB Jose Gonzalez 0-0: Foul Ball, location: 2F
0-1: Swinging Strike
0-2: Ball
1-2: Fly out, F8 (Flyball, 89D, EV 90.0 MPH)
Runner from 3rd tags up, SCORES, throw by CF
Fritzie Connally to third
Batting: LHB Sheldon Mallory 0-0: Fly out, F7 (Line Drive, 7, EV 91.9 MPH)
Top of the 6th over - 1 run, 1 hit, 0 errors, 1 left on base; Toronto 9 - Texas 9
BOTTOM OF THE 6TH
Texas Rangers batting - Pitching for Toronto Blue Jays : RHP Nick Piazza
Batting: LHB Jody Helser 0-0: Swinging Strike
0-1: SINGLE (Groundball, 34D, EV 105.6 MPH)
Batting: RHB Steve Garvey 0-0: Fly out, F8 (Flyball, 8RD, EV 82.5 MPH)
Batting: RHB Steve Balboni 0-0: Ball
1-0: Called Strike
1-1: Foul Ball, location: 2F
1-2: Ball
2-2: Strikes out swinging
Batting: LHB Richie Hebner 0-0: Called Strike
0-1: Foul Ball, location: 2F
0-2: Ball
1-2: Ball
2-2: Foul Ball, location: 2F
2-2: Ground out 6-3 (Groundball, 56D, EV 96.3 MPH)
Bottom of the 6th over - 0 runs, 1 hit, 0 errors, 1 left on base; Toronto 9 - Texas 9
TOP OF THE 7TH
Toronto Blue Jays batting - Pitching for Texas Rangers : RHP Ed Lynch
Pitching: RHP Ben Hayes
Batting: RHB Juan Monasterio 0-0: Ball
1-0: Called Strike
1-1: Foul Ball, location: 2F
1-2: Ball
2-2: Strikes out swinging
Batting: RHB Andres Galarraga 0-0: Called Strike
0-1: Foul Ball, location: 2F
0-2: Ball
1-2: Ball
2-2: Fly out, F3 (Popup, 3, EV 83.1 MPH)
Batting: RHB Hubie Brooks 0-0: Ball
1-0: Swinging Strike
1-1: Called Strike
1-2: Ball
2-2: Foul Ball, location: 2F
2-2: Ball
3-2: Strikes out swinging
Top of the 7th over - 0 runs, 0 hits, 0 errors, 0 left on base; Toronto 9 - Texas 9
BOTTOM OF THE 7TH
Texas Rangers batting - Pitching for Toronto Blue Jays : RHP Nick Piazza
Batting: SHB Ron Roenicke 0-0: Ball
1-0: SINGLE (Line Drive, 7S, EV 105.6 MPH)
Batting: LHB Ernie Whitt 0-0: Called Strike
Ron Roenicke steals 2nd base
0-1: 2-RUN HOME RUN (Flyball, 7D, EV 95.0 MPH), Distance : 385 ft
Pitching: RHP Stephen Williams
Batting: RHB Juan Samuel 0-0: Ball
1-0: Ball
2-0: Foul Ball, location: 2F
2-1: Foul Ball, location: 2F
2-2: Strikes out looking
Batting: LHB Lenny Dykstra 0-0: Ball
1-0: Fly out, F9 (Flyball, 89D, EV 80.0 MPH)
Batting: RHB Juan Rodriguez 0-0: Called Strike
0-1: Ground out 5-3 (Groundball, 5, EV 85.0 MPH)
Bottom of the 7th over - 2 runs, 2 hits, 0 errors, 0 left on base; Toronto 9 - Texas 11
TOP OF THE 8TH
Toronto Blue Jays batting - Pitching for Texas Rangers : RHP Ben Hayes
Batting: LHB Milt Thompson 0-0: Ball
1-0: Called Strike
1-1: Ball
2-1: Ball
3-1: Base on Balls
Batting: RHB Cal Ripken 0-0: Bunt - Flyout to 13! F1
Batting: RHB Fritzie Connally 0-0: Ball
1-0: Fly out, F8 (Flyball, 8RM, EV 89.4 MPH)
Batting: SHB Harold Reynolds 0-0: Called Strike
0-1: Ball
1-1: Called Strike
1-2: Fielders Choice at 2nd, 6-4 (Groundball, 56, EV 80.6 MPH)
Top of the 8th over - 0 runs, 0 hits, 0 errors, 1 left on base; Toronto 9 - Texas 11
BOTTOM OF THE 8TH
Texas Rangers batting - Pitching for Toronto Blue Jays : RHP Stephen Williams
Batting: LHB Jody Helser 0-0: Ball
1-0: Ball
2-0: Fly out, F9 (Flyball, 89M, EV 85.0 MPH)
Batting: RHB Steve Garvey 0-0: Called Strike
0-1: SINGLE (Line Drive, 4D, EV 96.3 MPH)
Batting: RHB Steve Balboni 0-0: Called Strike
0-1: Hit by Pitch
Steve Garvey to second
Batting: LHB Richie Hebner 0-0: Ball
1-0: Foul Ball, location: 2F
1-1: Foul Ball, location: 2F
1-2: Ball
2-2: Foul Ball, location: 2F
2-2: Ball
3-2: Base on Balls
Steve Garvey to third
Steve Balboni to second
Batting: SHB Ron Roenicke 0-0: Called Strike
0-1: Called Strike
0-2: SINGLE (Line Drive, 7LS, EV 106.9 MPH)
Steve Garvey scores
Steve Balboni to third
Richie Hebner to second
Runner from 3rd tries for Home, SAFE, throw by LF to home
Richie Hebner to third
Ron Roenicke to second
Batting: LHB Ernie Whitt 0-0: Ball
1-0: Ball
2-0: Called Strike
2-1: Ball
3-1: Base on Balls
Batting: RHB Juan Samuel 0-0: Ball
1-0: Ball
2-0: Fielders Choice at 2nd, 6-4 (Groundball, 6, EV 76.9 MPH)
Richie Hebner scores
Ron Roenicke to third
Batting: LHB Lenny Dykstra 0-0: Ball
1-0: Ball
2-0: Called Strike
2-1: Ball
3-1: Swinging Strike
3-2: Strikes out swinging
Bottom of the 8th over - 3 runs, 2 hits, 0 errors, 2 left on base; Toronto 9 - Texas 14
TOP OF THE 9TH
Toronto Blue Jays batting - Pitching for Texas Rangers : RHP Ben Hayes
Batting: RHB Jose Gonzalez 0-0: Ball
1-0: Foul Ball, location: 2F
1-1: Fly out, F7 (Line Drive, 7, EV 84.4 MPH)
Batting: LHB Sheldon Mallory 0-0: Called Strike
0-1: Ball
1-1: Ball
2-1: Ground out 4-3 (Groundball, 4S, EV 89.4 MPH)
Batting: RHB Juan Monasterio 0-0: Ball
1-0: Ball
2-0: Fly out, F9 (Flyball, 9LD, EV 98.8 MPH)
Top of the 9th over - 0 runs, 0 hits, 0 errors, 0 left on base; Toronto 9 - Texas 14
Thursday, July 30th, 2020 - OOTP Baseball 21.5 Build 71